 Dungeon Crawl Stone Soup version 0.23.2-1-ga50397a6bc (webtiles) character file.

Game seed: 4254437996031381576

196 Mrkan the Shield-Bearer (level 5, 0/51 HPs)
             Began as a Gargoyle Fighter on May 17, 2019.
             Slain by Natasha (6 damage)
             ... on level 2 of the Dungeon.
             The game lasted 00:04:50 (1776 turns).

Mrkan the Shield-Bearer (Gargoyle Fighter)          Turns: 1776, Time: 00:04:51

Health: 0/51       AC: 22    Str: 20    XL:     5   Next: 74%
Magic:  5/5        EV:  2    Int:  9    God:
Gold:   68         SH:  9    Dex:  9    Spells: 4/4 levels left

rFire    . . .     SeeInvis .   a - +0 flail
rCold    . . .     Gourm    .   c - +0 shield
rNeg     + + +     Faith    .   (armour currently unavailable)
rPois    ∞         Spirit   .   (helmet currently unavailable)
rElec    .         Reflect  .   (cloak currently unavailable)
rCorr    .         Harm     .   (gloves currently unavailable)
MR       .....     NoTele   +   (boots currently unavailable)
Stlth    +.........             (no amulet)
HPRegen  0.17/turn              (no ring)
MPRegen  0.09/turn              (no ring)

@: tree-form, slowed, very slow
A: negative energy resistance 1, petrification resistance, rot immunity, AC +4
a: no special abilities


You were on level 2 of the Dungeon.
You were hungry.
You were a tree.
You visited 1 branch of the dungeon, and saw 3 of its levels.

You collected 68 gold pieces.

Inventory:

Hand Weapons
 a - a +0 flail (weapon)
Armour
 b - a +0 scale mail
 c - a +0 shield (worn)
 h - a cursed +0 plate armour (melded)
 i - a +0 cloak (melded)
 j - a +0 pair of gloves (melded)
Jewellery
 s - an uncursed ring of wizardry {unknown}
 u - an uncursed amulet of the acrobat {unknown}
Scrolls
 e - 2 scrolls of blinking {unknown}
 k - 2 scrolls of enchant armour {unknown}
 l - a scroll of remove curse {unknown}
 n - 3 scrolls of identify {unknown}
 r - 2 scrolls of teleportation {unknown}
Potions
 d - a potion of might
 g - a potion of curing {unknown}
 m - a potion of lignification
 o - a potion of agility {unknown}
 p - 2 potions of heal wounds {unknown}
 q - a potion of haste {unknown}
 t - a potion of degeneration {unknown}
Comestibles
 f - 7 rations


   Skills:
 + Level 4.4 Fighting
 * Level 4.3 Maces & Flails
 - Level 3.2 Armour
 + Level 4.4 Shields


You had 4 spell levels left.
You didn't know any spells.
Your spell library was empty.

Dungeon Overview and Level Annotations

Branches:
Dungeon (3/15)

Altars:
Ru

Annotations:
D:2 Natasha
D:3 Grinder


Innate Abilities, Weirdness & Mutations

You are resistant to torment.
((Your stone body is resilient. (AC +4)))
You are immune to poison.
You resist negative energy. (rN+)
((You are resistant to electric shocks. (rElec)))
((You can survive without breathing.))
You are immune to petrification.
You are immune to rotting.


Message History

You closely miss Natasha. Natasha claws you but does no damage.
Natasha casts a spell at you. You resist with some effort.
You thump Natasha!
Natasha is severely wounded.
You block Natasha's attack.
You closely miss Natasha.
Natasha is severely wounded.
The white imp lashes its tail.
Natasha mumbles some strange words.
You feel troubled. You block Natasha's attack.
You closely miss Natasha.
Natasha is severely wounded.
Natasha stares at you and mumbles some strange words.
You feel yourself slow down.
Your shield prevents you from hitting Natasha.
Natasha is severely wounded.
Natasha claws you but does no damage. Natasha claws you.
You die...

####### #.....# #.....#
# #######
#.....######### #.....#
#..............
#.....###......#.......
#.....♣hr5...§.....(...
#.....###....§.........
#.....# #........>.....
####### #.....##.......
###########.......
#...# #....... #...##
#.......
#....######.......
#........#####.###


You could see Natasha, a white imp and a quokka.

Vanquished Creatures
  An orc wizard (D:3)
  Natasha (D:3)
  Robin (D:3)
  5 adders
  An ooze (D:1)
  4 orcs
  2 ball pythons (D:2)
  4 giant cockroaches (D:1)
  7 goblins
  13 hobgoblins
  4 jackals (D:2)
  14 kobolds
  2 quokkas (D:2)
  3 bats
  6 frilled lizards
  6 rats
74 creatures vanquished.

Notes
Turn   | Place    | Note
-------+----------+-------------------------------------------
     0 | D:1      | Mrkan the Gargoyle Fighter began the quest for the Orb.
     0 | D:1      | Reached XP level 1. HP: 14/14 MP: 1/1
   107 | D:1      | Reached XP level 2. HP: 18/19 MP: 2/2
   264 | D:1      | Reached XP level 3. HP: 21/23 MP: 3/3
   919 | D:2      | Reached XP level 4. HP: 25/29 MP: 4/4
  1434 | D:3      | Noticed Robin
  1476 | D:3      | Killed Robin
  1476 | D:3      | Reached XP level 5. HP: 32/33 MP: 5/5
  1540 | D:3      | Found a sacrificial altar of Ru.
  1638 | D:3      | Noticed Natasha
  1647 | D:3      | Noticed Grinder
  1649 | D:3      | Killed Natasha
  1649 | D:3      | Paralysed by something for 5 turns
  1661 | D:3      | Paralysed by something for 5 turns
  1668 | D:3      | Paralysed by something for 2 turns
  1689 | D:3      | Paralysed by Grinder for 3 turns
  1718 | D:3      | Paralysed by Grinder for 6 turns
  1726 | D:3      | Paralysed by Grinder for 5 turns
  1747 | D:3      | Noticed Natasha
  1753 | D:3      | HP: 1/34 [Natasha (2)]
  1776 | D:2      | Slain by Natasha

Skill      XL: |  1  2  3  4  5 |
---------------+----------------+-----
Maces & Flails | 3 4 |  4.3
Shields        | 4 |  4.4
Fighting       | 4 |  4.4
Armour         | |  3.2

Action                   |  1- 3 |  4- 6 || total
-------------------------+-------+-------++-------
Melee: Flail             |   108 |   189 ||   297
  Use: Potion            |       |     1 ||     1
  Eat: Chunk             |       |     3 ||     3
Armor: Scale mail        |    79 |     1 ||    80
       Plate armour      |       |   155 ||   155
       Skin              |       |     4 ||     4
Dodge: Dodged            |    38 |    24 ||    62
Block: Shield            |    56 |   102 ||   158
